[Event "ICC tourney 2087 (3 2)"]
[Site "Internet Chess Club"]
[Date "2020.10.30"]
[Round "8"]
[White "helavir"]
[Black "funplaychess"]
[Result "1-0"]
[ICCResult "Black resigns"]
[WhiteElo "2260"]
[BlackElo "1683"]
[Opening "Sicilian: Canal-Sokolsky (Nimzovich-Rossolimo, Moscow) attack"]
[ECO "B51"]
[NIC "SI.01"]
[Time "21:48:33"]
[TimeControl "180+2"]

1. e4 c5 2. Nf3 d6 3. Bb5+ Nd7 4. c3 Nf6 5. Bd3 g6 6. Bc2 Bg7 7. d4 O-O 8.
O-O b5 9. e5 dxe5 10. dxe5 Ng4 11. Qd5 Rb8 12. e6 fxe6 13. Qxe6+ Kh8 14.
Qxg4 Ne5 15. Qg3 Nxf3+ 16. gxf3 Bb7 17. Be4 Qc8 18. Bf4 Bxe4 19. fxe4 Rb6
20. Be5 Re6 21. Bxg7+ Kxg7 22. Nd2 Rd6 23. Nb3 c4 24. Nd4 a6 25. e5 Rd5 26.
Rae1 {Black resigns} 1-0

[Event "ICC tourney 2087 (3 2)"]
[Site "Internet Chess Club"]
[Date "2020.10.30"]
[Round "8"]
[White "jsl1996"]
[Black "GGuseinov"]
[Result "1-0"]
[ICCResult "Black resigns"]
[WhiteElo "2195"]
[BlackElo "2787"]
[Opening "King's Indian: Makagonov system (5.h3)"]
[ECO "E71"]
[NIC "KI.30"]
[Time "21:47:42"]
[TimeControl "180+2"]

1. d4 d6 2. e4 g6 3. c4 Bg7 4. Nc3 Nf6 5. h3 O-O 6. Be3 Nc6 7. Nge2 a6 8. d5
Ne5 9. Ng3 c5 10. f4 Ned7 11. Rc1 b5 12. b3 bxc4 13. bxc4 Rb8 14. Bd3 Nb6
15. O-O Qc7 16. Kh1 Bd7 17. e5 dxe5 18. fxe5 Ne8 19. Nge4 Bxe5 20. Nxc5 Bc8
21. Qe2 Nd6 22. Bg1 Bg7 23. N3e4 Bf5 24. Nxa6 Qc8 25. Nxb8 Qxb8 26. c5 Nxe4
27. Bxe4 Bxe4 28. Qxe4 Nc8 29. Rfd1 Qb2 30. Bd4 Bxd4 31. Qxd4 Qxa2 32. d6
exd6 33. cxd6 Rd8 34. Qf6 Qa5 35. d7 Na7 36. Ra1 Qb6 37. Qxb6 {Black
resigns} 1-0

[Event "ICC tourney 2087 (3 2)"]
[Site "Internet Chess Club"]
[Date "2020.10.30"]
[Round "8"]
[White "kurumania"]
[Black "aplusk"]
[Result "0-1"]
[ICCResult "White resigns"]
[WhiteElo "2756"]
[BlackElo "2697"]
[Opening "Caro-Kann: two knights variation"]
[ECO "B11"]
[NIC "CK.01"]
[Time "21:47:43"]
[TimeControl "180+2"]

1. e4 c6 2. Nc3 d5 3. Nf3 dxe4 4. Nxe4 Nf6 5. Qe2 Nxe4 6. Qxe4 Nd7 7. Bc4
Nf6 8. Ne5 e6 9. Qe2 b5 10. Bd3 Qc7 11. b3 Bd6 12. Bb2 Nd5 13. a4 Nf4 14.
Qe4 Nxd3+ 15. Nxd3 O-O 16. axb5 Bb7 17. Rxa7 Rxa7 18. Qd4 e5 19. Qxa7 cxb5
20. O-O Qc6 21. f3 f6 22. Bc3 e4 23. fxe4 b4 24. Bb2 Qxe4 25. Qf2 Rc8 26.
Re1 Qd5 27. Qe2 Rxc2 28. Nf4 Qc5+ 29. Kh1 Rxb2 30. Qe6+ Kh8 31. Qe8+ Bf8 32.
Ne6 Bxg2+ 33. Kxg2 Rxd2+ 34. Kf3 Qf2+ 35. Kg4 Qg2+ 36. Kf4 Qxh2+ 37. Ke3
Qf2+ {White resigns} 0-1

[Event "ICC tourney 2087 (3 2)"]
[Site "Internet Chess Club"]
[Date "2020.10.30"]
[Round "8"]
[White "turbopawn"]
[Black "challenger2010"]
[Result "1-0"]
[ICCResult "Black resigns"]
[WhiteElo "2571"]
[BlackElo "1920"]
[Opening "Sicilian: dragon variation"]
[ECO "B70"]
[NIC "SI.15"]
[Time "21:47:37"]
[TimeControl "180+2"]

1. e4 c5 2. Nf3 d6 3. d4 cxd4 4. Nxd4 Nf6 5. Nc3 g6 6. Be2 Bg7 7. O-O O-O 8.
Re1 Nc6 9. Nb3 a5 10. a4 Be6 11. Bf1 Rc8 12. Bg5 Nb4 13. Nd4 Bc4 14. Bxc4
Rxc4 15. Ndb5 Qc8 16. Qe2 Rc5 17. Be3 Rh5 18. f3 Nd7 19. g4 Rc5 20. Bxc5
Qxc5+ 21. Kg2 Ne5 22. Rad1 Rc8 23. Na3 Bh6 24. Qb5 Qc7 25. Nd5 Nxd5 26. exd5
Bf4 27. c3 g5 28. Nc2 Ng6 29. Nd4 Nh4+ 30. Kh1 Be5 31. Qe2 Ng6 32. Nf5 f6
33. Qe4 Nf4 34. h4 Qb6 35. Rd2 Rc7 36. hxg5 fxg5 37. Rh2 e6 38. dxe6 Qc6 39.
Qxc6 bxc6 40. e7 Rc8 41. Rxe5 dxe5 42. Nd6 {Black resigns} 1-0

[Event "ICC tourney 2087 (3 2)"]
[Site "Internet Chess Club"]
[Date "2020.10.30"]
[Round "8"]
[White "clair"]
[Black "Ben2008"]
[Result "0-1"]
[ICCResult "White checkmated"]
[WhiteElo "1229"]
[BlackElo "1450"]
[Opening "Queen's pawn, Mason variation"]
[ECO "D00"]
[NIC "QP.08"]
[Time "21:48:33"]
[TimeControl "180+2"]

1. d4 d5 2. Bf4 Nf6 3. e3 c5 4. c3 e6 5. Nd2 Nc6 6. Ngf3 Bd6 7. Ne5 Qc7 8.
Ndf3 Nd7 9. Nxd7 Qxd7 10. Bxd6 Qxd6 11. Bd3 a6 12. O-O O-O 13. Re1 b5 14.
dxc5 Qxc5 15. e4 dxe4 16. Bxe4 Bb7 17. Qc2 h6 18. Rad1 Rad8 19. Nd4 Nxd4 20.
Rxd4 Rxd4 21. cxd4 Qxc2 22. Bxc2 Bd5 23. b3 Rc8 24. Bd3 Rc3 25. Bb1 a5 26.
h3 a4 27. bxa4 bxa4 28. Kh2 Rc4 29. Re3 Rxd4 30. Ra3 Rd2 31. Rxa4 Rxf2 32.
Kg3 Rxg2+ 33. Kh4 g5+ 34. Kh5 Kg7 35. a3 Bf3+ 36. Rg4 Bxg4+ 37. hxg4 Rh2#
{White checkmated}
0-1

[Event "ICC tourney 2087 (3 2)"]
[Site "Internet Chess Club"]
[Date "2020.10.30"]
[Round "8"]
[White "Openyagami"]
[Black "speedskater"]
[Result "0-1"]
[ICCResult "White resigns"]
[WhiteElo "2738"]
[BlackElo "1918"]
[Opening "QGD Slav: 4.e3"]
[ECO "D11"]
[NIC "EO.64"]
[Time "21:47:44"]
[TimeControl "180+2"]

1. c4 c6 2. Nf3 d5 3. e3 Nf6 4. d4 Bg4 5. h3 Bf5 6. cxd5 cxd5 7. Nc3 e6 8.
Ne5 Nfd7 9. Qa4 Bd6 10. g4 Bg6 11. Bg2 Bxe5 12. dxe5 Nc6 13. f4 Nc5 14. Qd1
h5 15. g5 Nd3+ 16. Kf1 Qb6 17. Na4 Qa6 18. Kg1 Nxc1 19. Rxc1 O-O 20. Bf3
Rac8 21. Be2 Qa5 22. a3 Nxe5 23. Rxc8 Rxc8 24. Nc3 Nc4 25. Bxc4 Rxc4 26. Kf2
Qb6 27. Qd2 Rxf4+ 28. Kg3 Rc4 29. Rc1 h4+ 30. Kf2 Qd6 31. Ke1 Qg3+ 32. Qf2
Qxh3 33. Kd2 Rg4 34. Rg1 Rxg1 35. Qxg1 Qf5 36. Qh2 Qc2+ {White resigns} 0-1

[Event "ICC tourney 2087 (3 2)"]
[Site "Internet Chess Club"]
[Date "2020.10.30"]
[Round "8"]
[White "spellking98"]
[Black "Goran21"]
[Result "0-1"]
[ICCResult "White checkmated"]
[WhiteElo "1781"]
[BlackElo "1894"]
[Opening "Sicilian defense"]
[ECO "B20"]
[NIC "SI.48"]
[Time "21:47:52"]
[TimeControl "180+2"]

1. e4 c5 2. b3 Nc6 3. Bb2 e6 4. g3 d5 5. e5 d4 6. f4 f6 7. exf6 Nxf6 8. Bg2
Bd6 9. Nf3 O-O 10. O-O e5 11. fxe5 Nxe5 12. Nxe5 Bxe5 13. Na3 Bg4 14. Qe1
Re8 15. Qf2 Qd7 16. Nc4 Rab8 17. Rae1 Bc7 18. Rxe8+ Rxe8 19. Bf3 Bh3 20. Re1
b5 21. Na3 a6 22. d3 Ba5 23. Rxe8+ Qxe8 24. Bc1 Be1 25. Qe2 Qxe2 26. Bxe2
Ng4 27. Nb1 Bf2+ 28. Kh1 Ne3 29. Bxe3 Bxe3 30. a3 a5 31. c3 b4 32. axb4 axb4
33. c4 Bf5 34. g4 Bd7 35. Kg2 Kf7 36. Kf3 g5 37. Ke4 Ke6 38. Kf3 Bc6+ 39.
Kg3 Ke5 40. h4 Bf4+ 41. Kh3 h6 42. h5 Bc1 43. Kg3 Bf4+ 44. Kh3 Bd7 45. Bf3
Be6 46. Be2 Bc1 47. Kg3 Bg8 48. Bf3 Bh7 49. Be2 Be3 50. Kf3 Bg8 51. Kg3 Be6
52. Kf3 Bc8 53. Kg3 Bb7 54. Bf1 Bc1 55. Be2 Bb2 56. Nd2 Bc3 57. Nf3+ Kd6 58.
Kf2 Bc6 59. Ng1 Ke5 60. Kg3 Be1+ 61. Kh3 Kf4 62. Bf1 Ke3 63. Kh2 Ba4 64. Kg2
Bxb3 65. Nf3 Bc3 66. Ne5 Bd1 67. Nf7 b3 68. Nxh6 b2 69. Nf5+ Kf4 70. h6 b1=Q
71. h7 Qb2+ 72. Kg1 Be1 73. h8=Q Qf2+ 74. Kh1 Bf3+ 75. Bg2 Qxg2#
{White checkmated}
0-1

[Event "ICC tourney 2087 (3 2)"]
[Site "Internet Chess Club"]
[Date "2020.10.30"]
[Round "8"]
[White "DarwinLaylo01"]
[Black "IndianTerritory"]
[Result "1-0"]
[ICCResult "Black resigns"]
[WhiteElo "1739"]
[BlackElo "1746"]
[Opening "English: Caro-Kann defensive system"]
[ECO "A11"]
[NIC "EO.64"]
[Time "21:47:49"]
[TimeControl "180+2"]

1. c4 c6 2. Nc3 d5 3. e3 Nf6 4. Nf3 e6 5. Qc2 Bd6 6. g4 Nxg4 7. Rg1 h5 8. h3
Ne5 9. Be2 Nxf3+ 10. Bxf3 Qf6 11. Be2 Nd7 12. b3 dxc4 13. bxc4 Bb4 14. Bb2
Qh6 15. O-O-O Bxc3 16. Qxc3 f6 17. f4 O-O 18. Rg2 c5 19. Rdg1 Rf7 20. Qd3
Qh8 21. Qd6 Nf8 22. Bf3 h4 23. Qxc5 Nh7 24. Qd6 Nf8 25. Qd8 Qh6 26. Rg6 Rd7
27. Qe8 Re7 28. Rxh6 Rxe8 29. Bxf6 g6 30. e4 Bd7 31. e5 Rac8 32. d3 b5 33.
Be4 bxc4 34. Bxg6 cxd3+ 35. Kd2 Rc2+ 36. Kxd3 Bb5+ 37. Kxc2 Rc8+ 38. Kd2
{Black resigns}
1-0

[Event "ICC tourney 2087 (3 2)"]
[Site "Internet Chess Club"]
[Date "2020.10.30"]
[Round "8"]
[White "Alec-hine"]
[Black "MiamiBoy"]
[Result "1-0"]
[ICCResult "Black checkmated"]
[WhiteElo "1699"]
[BlackElo "1700"]
[Opening "Trompowsky attack (Ruth, Opocenský opening)"]
[ECO "A45"]
[NIC "QP.07"]
[Time "21:47:42"]
[TimeControl "180+2"]

1. d4 Nf6 2. Bg5 c5 3. Bxf6 exf6 4. dxc5 Bxc5 5. e3 O-O 6. Nf3 d5 7. Be2 Nc6
8. c3 Be6 9. O-O Qc7 10. Nbd2 Rad8 11. Nb3 Bb6 12. Nbd4 a6 13. Rc1 Ne5 14.
Qc2 Ng6 15. Bd3 Bg4 16. h3 Be6 17. Bxg6 hxg6 18. Nxe6 fxe6 19. Qxg6 e5 20.
Nh4 Qf7 21. Qf5 Qd7 22. Qh5 Rfe8 23. Ng6 Bc7 24. Rcd1 Qe6 25. Qh8+ Kf7 26.
Qh5 Kg8 27. f4 exf4 28. exf4 Qe3+ 29. Kh1 d4 30. Qh8+ Kf7 31. Qh5 Kg8 32.
cxd4 Rxd4 33. Qh8+ Kf7 34. Qh5 Kg8 35. Qh8+ Kf7 36. Qh5 Rxd1 37. Rxd1 Ke6
38. Qd5# {Black checkmated} 1-0

[Event "ICC tourney 2087 (3 2)"]
[Site "Internet Chess Club"]
[Date "2020.10.30"]
[Round "8"]
[White "TjkTiger"]
[Black "manest"]
[Result "0-1"]
[ICCResult "White resigns"]
[WhiteElo "2346"]
[BlackElo "2719"]
[Opening "English opening"]
[ECO "A10"]
[NIC "EO.22"]
[Time "21:47:39"]
[TimeControl "180+2"]

1. c4 d6 2. Nc3 e5 3. g3 Nc6 4. Nf3 g6 5. d4 exd4 6. Nxd4 Bg7 7. Nxc6 bxc6
8. Bg2 Ne7 9. O-O Be6 10. Bg5 O-O 11. Qd3 Rb8 12. b3 c5 13. Rad1 f6 14. Bc1
Qd7 15. Ne4 Rbd8 16. Bb2 Qc8 17. Qe3 Nf5 18. Qd2 Nd4 19. e3 Nc6 20. Nxf6+
Bxf6 21. Bxf6 Rxf6 22. Bxc6 Bh3 23. Bg2 Rdf8 24. f4 Bxg2 25. Qxg2 Re8 26.
Rfe1 Rfe6 27. Kf2 Re4 28. Re2 Qe6 29. Rde1 c6 30. Qf3 d5 31. cxd5 cxd5 32.
Rc2 d4 33. Rxc5 dxe3+ 34. Kg1 e2 35. Rc2 Re3 36. Qc6 Qg4 37. Kf2 Qh3 38. Qg2
Qe6 39. Qc6 Qh3 40. Qd5+ Kh8 41. Qg2 Qe6 42. Kg1 Qd6 43. Rcc1 Qd4 44. Qf2
Qd2 45. Kg2 a5 46. a3 Qd5+ 47. Kg1 Qxb3 48. a4 Qxa4 49. Rc8 Qe4 50. Rxe8+
Qxe8 51. f5 Kg7 52. fxg6 hxg6 53. Qf4 Qe5 54. Qc4 Re4 55. Qd3 a4 56. Qd7+
Qe7 57. Qd3 a3 58. Qc3+ Kh7 59. Qb3 Qa7+ 60. Kh1 a2 61. Qb2 a1=Q {White
resigns} 0-1

[Event "ICC tourney 2087 (3 2)"]
[Site "Internet Chess Club"]
[Date "2020.10.30"]
[Round "8"]
[White "MrNormalName"]
[Black "jy2020"]
[Result "1-0"]
[ICCResult "Black resigns"]
[WhiteElo "1889"]
[BlackElo "1701"]
[Opening "Catalan: closed, 5.Nf3"]
[ECO "E06"]
[NIC "CA.04"]
[Time "21:47:59"]
[TimeControl "180+2"]

1. d4 Nf6 2. c4 e6 3. g3 d5 4. Bg2 Be7 5. Nf3 O-O 6. O-O c6 7. Qc2 b6 8. b3
Bb7 9. Bb2 Nbd7 10. Nc3 Rc8 11. e4 h6 12. e5 Ne8 13. cxd5 cxd5 14. Qe2 Nc7
15. a4 Ba6 16. Nb5 Nb8 17. Rfc1 Qd7 18. Bf1 Nc6 19. Qe3 Nb4 20. Nxa7 Ra8 21.
Bxa6 Rxa7 22. Be2 Rfa8 23. Ne1 b5 24. axb5 Nxb5 25. Rxa7 Rxa7 26. Nd3 Ra2
27. Ra1 Rxa1+ 28. Bxa1 Nc2 29. Qc1 Nbxd4 30. Bxd4 Nxd4 31. Qb2 Nxe2+ 32.
Qxe2 Qb5 33. Qc2 g6 34. Qc8+ Kg7 35. Qc3 Bd8 36. Kg2 Ba5 37. b4 Bb6 38. Nc5
Qc4 39. Qxc4 dxc4 40. Kf3 Bc7 41. Ke4 c3 42. f4 c2 43. Nb3 Bb6 44. Kd3 Bg1
45. b5 Kf8 46. Kxc2 Ke7 47. Nc1 Kd7 48. Kd3 Kc7 49. Ne2 Bxh2 50. Ke3 g5 51.
fxg5 hxg5 52. Kf3 Kb6 53. Kg2 Kxb5 54. Kxh2 Kc5 55. Kh3 Kd5 56. Kg4 Kxe5 57.
Kxg5 Ke4 58. Kf6 Kf3 59. Kxf7 e5 60. Kf6 e4 61. Ke5 Kxe2 62. Kxe4
{Black resigns}
1-0

[Event "ICC tourney 2087 (3 2)"]
[Site "Internet Chess Club"]
[Date "2020.10.30"]
[Round "8"]
[White "ramennoodle"]
[Black "gdavis23"]
[Result "0-1"]
[ICCResult "White checkmated"]
[WhiteElo "1287"]
[BlackElo "1774"]
[Opening "Réti opening"]
[ECO "A05"]
[NIC "QP.11"]
[Time "21:47:44"]
[TimeControl "180+2"]

1. Nf3 Nf6 2. g3 Nc6 3. d4 e6 4. Bg2 d5 5. O-O Be7 6. c4 O-O 7. e3 Rb8 8.
Nc3 dxc4 9. Nd2 Na5 10. Qa4 c5 11. Nxc4 cxd4 12. exd4 b5 13. Qxa5 bxc4 14.
Qxa7 Rb6 15. Qa5 Bb4 16. Qe5 Bb7 17. Bg5 Be7 18. Bxb7 Rxb7 19. Rab1 Qa8 20.
b3 cxb3 21. Rxb3 Rxb3 22. axb3 Rc8 23. Nb5 Qf3 24. Qe3 Qd5 25. Qd3 Rb8 26.
Nc3 Qxb3 27. Rb1 Nd5 28. Rxb3 Rxb3 29. Bxe7 Rxc3 30. Qa6 Nxe7 31. Qa7 Kf8
32. Qb8+ Rc8 33. Qb1 g6 34. Qb4 Rd8 35. Kg2 Ke8 36. Qb5+ Kf8 37. Qe5 Kg8 38.
Qf6 Rd7 39. Qe5 Rd5 40. Qb8+ Kg7 41. Qb2 Nf5 42. g4 Nxd4 43. h3 Kh6 44. Qd2+
Kg7 45. Qb2 h6 46. Kg3 g5 47. Kg2 Kg6 48. f3 Rd7 49. Qb1+ Kg7 50. Qb2 f6 51.
h4 e5 52. hxg5 hxg5 53. Qb1 Ne6 54. Qf5 Rd2+ 55. Kf1 Rd1+ 56. Ke2 Nd4+ 57.
Kxd1 Nxf5 58. gxf5 Kh6 59. Ke2 Kh5 60. Ke3 Kh4 61. Ke4 Kg3 62. Kd5 Kf4 63.
Ke6 g4 64. fxg4 e4 65. Kxf6 e3 66. Kg7 e2 67. f6 e1=Q 68. f7 Qe5+ 69. Kg8
Qg5+ 70. Kh8 Qf6+ 71. Kg8 Qg6+ 72. Kf8 Ke5 73. Ke7 Qd6+ 74. Ke8 Qe6+ 75. Kf8
Kf6 76. Kg8 Qxf7+ 77. Kh8 Qg7# {White checkmated} 0-1

[Event "ICC tourney 2087 (3 2)"]
[Site "Internet Chess Club"]
[Date "2020.10.30"]
[Round "9"]
[White "challenger2010"]
[Black "gdavis23"]
[Result "1-0"]
[ICCResult "Black checkmated"]
[WhiteElo "1925"]
[BlackElo "1751"]
[Opening "Petrov's defense"]
[ECO "C42"]
[NIC "RG.01"]
[Time "22:00:15"]
[TimeControl "180+2"]

1. e4 e5 2. Nf3 Nf6 3. Bb5 Nxe4 4. O-O Nd6 5. Re1 e4 6. Nc3 f5 7. d3 Be7 8.
dxe4 fxe4 9. Nxe4 Nxb5 10. Bg5 O-O 11. Qd5+ Kh8 12. Bxe7 Qxe7 13. Neg5 Qf6
14. Qxb5 c6 15. Qd3 d5 16. Qxh7# {Black checkmated} 1-0

[Event "ICC tourney 2087 (3 2)"]
[Site "Internet Chess Club"]
[Date "2020.10.30"]
[Round "9"]
[White "jy2020"]
[Black "MiamiBoy"]
[Result "1-0"]
[ICCResult "Black resigns"]
[WhiteElo "1721"]
[BlackElo "1686"]
[Opening "Ruy Lopez: Anderssen variation"]
[ECO "C77"]
[NIC "RL.12"]
[Time "22:00:19"]
[TimeControl "180+2"]

1. e4 e5 2. Nf3 Nc6 3. Bb5 a6 4. Ba4 Nf6 5. d3 b5 6. Bb3 Be7 7. O-O O-O 8.
Nc3 d6 9. a3 Na5 10. Ba2 c5 11. Nd5 Bb7 12. b4 cxb4 13. axb4 Nc6 14. c3 a5
15. bxa5 Rxa5 16. Bb2 Nb8 17. Nxe7+ Qxe7 18. Bxf7+ Qxf7 19. Rxa5 Nc6 20.
Rxb5 Ba6 21. Rb6 Bb7 22. Qb3 Rb8 23. Qxf7+ Kxf7 24. Ba3 Nd7 25. Rb2 Ke7 26.
Rfb1 Ba6 27. Rxb8 Ndxb8 28. d4 exd4 29. Nxd4 Nxd4 30. cxd4 Nd7 31. Bxd6+
Kxd6 32. f3 Bc4 33. Kf2 g6 34. Ke3 Bf7 35. Kd3 h5 36. Kc3 g5 37. Ra1 g4 38.
Ra6+ Ke7 39. f4 h4 40. g3 hxg3 41. hxg3 Nf6 42. Kd3 Be8 43. Ra7+ Ke6 44. f5+
Kd6 45. e5+ Kd5 46. exf6 Bb5+ 47. Ke3 {Black resigns} 1-0

[Event "ICC tourney 2087 (3 2)"]
[Site "Internet Chess Club"]
[Date "2020.10.30"]
[Round "9"]
[White "kurumania"]
[Black "jsl1996"]
[Result "1/2-1/2"]
[ICCResult "Game drawn by repetition"]
[WhiteElo "2745"]
[BlackElo "2228"]
[Opening "Sicilian: Najdorf"]
[ECO "B90"]
[NIC "SI.14"]
[Time "22:00:18"]
[TimeControl "180+2"]

1. e4 c5 2. Nf3 d6 3. d4 cxd4 4. Nxd4 Nf6 5. Nc3 a6 6. Bd3 Nc6 7. Nxc6 bxc6
8. b3 g6 9. Bb2 Bg7 10. O-O O-O 11. Qe2 a5 12. Na4 c5 13. Rad1 Bd7 14. e5
Nh5 15. exd6 exd6 16. Bxg7 Kxg7 17. Nc3 Re8 18. Qd2 Bc6 19. Bb5 Bxb5 20.
Nxb5 Qf6 21. Nxd6 Red8 22. Rfe1 Nf4 23. g3 Ne6 24. Qe3 Nd4 25. Ne4 Qf5 26.
Kg2 Re8 27. Rd2 Re6 28. c3 Rae8 29. f3 Nxf3 30. Qxf3 Rxe4 31. Qxf5 gxf5 32.
Rf1 Re2+ 33. Rf2 Rxd2 34. Rxd2 Re3 35. c4 a4 36. bxa4 Ra3 37. Rd5 Rxa2+ 38.
Kh3 Rxa4 39. Rxc5 Kg6 40. Kh4 Ra2 41. Rc6+ f6 42. h3 Rc2 43. Rc8 Rc3 44. Rc7
Rc2 45. Rc8 Rc3 46. Rg8+ Kf7 47. Rc8 Kg6 48. Rg8+ Kf7 49. Rc8 Kg6
{Game drawn by repetition}
1/2-1/2

[Event "ICC tourney 2087 (3 2)"]
[Site "Internet Chess Club"]
[Date "2020.10.30"]
[Round "9"]
[White "TjkTiger"]
[Black "Alec-hine"]
[Result "1-0"]
[ICCResult "Black forfeits on time"]
[WhiteElo "2347"]
[BlackElo "1698"]
[Opening "English opening"]
[ECO "A16"]
[NIC "EO.64"]
[Time "22:00:17"]
[TimeControl "180+2"]

1. c4 Nf6 2. Nc3 g6 3. g3 Bg7 4. Bg2 O-O 5. d4 c6 6. e4 d6 7. Nge2 e5 8. O-O
Nbd7 9. h3 Qc7 10. Be3 Re8 11. Qc2 Nf8 12. Rad1 a5 13. b3 Ne6 14. d5 Nc5 15.
Rd2 Bd7 16. Rfd1 Rad8 17. a3 cxd5 18. cxd5 Rc8 19. Qb1 b5 20. Rc1 Qb7 21. b4
axb4 22. Qxb4 Na6 23. Qxd6 b4 24. axb4 Nxb4 25. Rb1 Rc4 26. Rdb2 Rb8 27. Na2
Ne8 28. Qe7 Bf8 29. Qxe5 Bg7 30. Qe7 Bxb2 31. Rxb2 Qb5 32. Nxb4 Rxb4 33.
Rxb4 Qxb4 34. Qxd7 Qe1+ 35. Kh2 Qxe2 36. Bf4 Ra8 37. Qc6 Qa6 38. Qc3 Rc8 39.
Qf3 {Black forfeits on time} 1-0

[Event "ICC tourney 2087 (3 2)"]
[Site "Internet Chess Club"]
[Date "2020.10.30"]
[Round "9"]
[White "Goran21"]
[Black "ramennoodle"]
[Result "0-1"]
[ICCResult "White checkmated"]
[WhiteElo "1863"]
[BlackElo "1318"]
[Opening "Philidor: Improved Hanham variation"]
[ECO "B07"]
[NIC "PU.08"]
[Time "22:00:19"]
[TimeControl "180+2"]

1. e4 d6 2. d4 Nf6 3. Nc3 e5 4. Nf3 Nbd7 5. Bc4 Be7 6. Qe2 O-O 7. Be3 c6 8.
O-O-O b5 9. dxe5 dxe5 10. Nxe5 bxc4 11. Nxc6 Qe8 12. e5 Nxe5 13. Nxe5 Bb4
14. Bd4 Bb7 15. Rhe1 Qc8 16. g4 Bxc3 17. Bxc3 Nd5 18. Qd2 f6 19. Nf3 Nb6 20.
Nd4 Rd8 21. g5 Bf3 22. Rg1 f5 23. Rde1 Be4 24. g6 h6 25. Qf4 Nd5 26. Qe5
Nxc3 27. bxc3 Re8 28. Qf4 Qa6 29. Kd2 Rad8 30. Rg3 Qxa2 31. Rc1 Qa5 32. Ke2
Bd3+ 33. Kd2 Re4 34. Qxf5 Re2+ 35. Kd1 Bxf5 36. Kxe2 Re8+ 37. Kf1 Be6 38.
Re1 Bd7 39. Rd1 Qh5 40. Ra1 Qxh2 41. Nf3 Bh3+ 42. Rg2 Qxg2# {White
checkmated} 0-1

[Event "ICC tourney 2087 (3 2)"]
[Site "Internet Chess Club"]
[Date "2020.10.30"]
[Round "9"]
[White "clair"]
[Black "spellking98"]
[Result "0-1"]
[ICCResult "White forfeits on time"]
[WhiteElo "1228"]
[BlackElo "1782"]
[Opening "Queen's pawn: London system"]
[ECO "A45"]
[NIC "QP.07"]
[Time "22:00:37"]
[TimeControl "180+2"]

1. d4 Nf6 2. Bf4 g6 3. Nc3 Bg7 4. e4 d6 5. Qd2 c6 6. O-O-O Nbd7 7. f3 Qa5 8.
Bh6 O-O 9. Bxg7 Kxg7 10. h4 h5 11. g4 b5 12. gxh5 Nxh5 13. Be2 b4 14. Nb1 e5
15. Nh3 Rb8 16. f4 Ng3 17. Rhg1 Nxe2+ 18. Qxe2 Qxa2 19. f5 Nf6 20. dxe5 dxe5
21. fxg6 fxg6 22. Qg2 Qf7 23. Ng5 Qe8 24. Rh1 Nh5 25. Nd2 a5 26. Rhf1 Rb7
27. Nc4 Nf4 28. Rxf4 exf4 29. Nd6 Qe5 30. Nxb7 f3 31. Nxf3 Qf4+ 32. Nd2 Bxb7
33. Rf1 Qd6 34. h5 Rxf1+ 35. Nxf1 c5 36. Qxg6+ Qxg6 37. hxg6 Bxe4 38. Ne3
Kxg6 39. Kd2 Kf6 40. c3 Ke6 41. Nc4 a4 42. Nb6 Bc6 43. cxb4 cxb4 44. Nc4 Kd5
45. Ne3+ Kc5 46. Kc2 Be4+ 47. Kc1 Kd4 48. Nd1 Kc4 49. Ne3+ Kb3 50. Nd1 a3
51. bxa3 bxa3 {White forfeits on time} 0-1

[Event "ICC tourney 2087 (3 2)"]
[Site "Internet Chess Club"]
[Date "2020.10.30"]
[Round "9"]
[White "aplusk"]
[Black "Openyagami"]
[Result "0-1"]
[ICCResult "White forfeits on time"]
[WhiteElo "2683"]
[BlackElo "2752"]
[Opening "King's Indian: 3.g3"]
[ECO "E60"]
[NIC "KI.80"]
[Time "22:00:20"]
[TimeControl "180+2"]

1. d4 Nf6 2. c4 g6 3. g3 c5 4. dxc5 Bg7 5. Bg2 Na6 6. Nc3 Nxc5 7. Nh3 O-O 8.
Nf4 Rb8 9. O-O d6 10. Bd2 Bd7 11. Rc1 Bc6 12. Nfd5 e6 13. Nxf6+ Bxf6 14. e4
Bxc3 15. Bxc3 Bxe4 16. f3 Bc6 17. b4 Na4 18. Bd4 a6 19. Rf2 e5 20. Ba1 Qe7
21. Rd2 Rfd8 22. Bf1 b5 23. cxb5 Bxb5 24. Bxb5 axb5 25. Rd5 Qa7+ 26. Kh1 Qe7
27. Qd3 Qe6 28. Rd1 Nb6 29. Rxb5 Nc4 30. Rxb8 Rxb8 31. Bc3 d5 32. a4 d4 33.
Be1 Nb2 34. Qe2 Nxd1 35. Qxd1 Qc4 36. Bd2 Qd3 37. b5 Rc8 38. b6 Rc2 39. b7
Rb2 40. Qc1 Rb1 41. Kg2 h5 42. Kh3 Qf5+ 43. Kg2 Rxc1 44. b8=Q+ Rc8 45. Qb7
Rc2 46. Qb4 Qd3 47. Qb8+ Kh7 48. Qa7 Qxd2+ {White forfeits on time} 0-1

[Event "ICC tourney 2087 (3 2)"]
[Site "Internet Chess Club"]
[Date "2020.10.30"]
[Round "9"]
[White "funplaychess"]
[Black "MrNormalName"]
[Result "1/2-1/2"]
[ICCResult "Game drawn because neither player has mating material"]
[WhiteElo "1692"]
[BlackElo "1880"]
[Opening "Catalan: closed, 5.Nf3"]
[ECO "E06"]
[NIC "CA.04"]
[Time "22:00:58"]
[TimeControl "180+2"]

1. d4 Nf6 2. c4 e6 3. g3 d5 4. Bg2 Be7 5. Nf3 O-O 6. Nc3 dxc4 7. Ne5 Nc6 8.
Bxc6 bxc6 9. Nxc6 Qe8 10. Nxe7+ Qxe7 11. Qa4 e5 12. Qxc4 exd4 13. Qxd4 Bb7
14. O-O Rfd8 15. Qh4 Qe6 16. Bg5 Qc6 17. e4 Rd6 18. Bxf6 Rxf6 19. Nd5 Re6
20. Ne7+ Rxe7 21. Qxe7 Re8 22. Qa3 Qxe4 23. f3 Qd4+ 24. Kh1 Re2 25. Qc3 Qb6
26. Rae1 Qe6 27. Rxe2 Qxe2 28. Kg1 h5 29. Rf2 Qd1+ 30. Kg2 h4 31. Qxc7 Bxf3+
32. Rxf3 Qe2+ 33. Rf2 h3+ 34. Kxh3 Qxf2 35. Qc8+ Kh7 36. a4 Qxb2 37. Qc4 Qf6
38. Qh4+ Qxh4+ 39. Kxh4 Kg6 40. Kg4 f5+ 41. Kf4 Kf6 42. h4 g6 43. a5 a6 44.
Kf3 g5 45. hxg5+ Kxg5 46. Ke3 Kg4 47. Kf2 f4 48. gxf4 Kxf4 49. Ke2 Ke4 50.
Kd2 Kd4 51. Kc2 Kc4 52. Kb2 Kb4 53. Ka2 Kxa5 54. Ka1 Ka4 55. Ka2 Kb4 56. Ka1
a5 57. Kb2 a4 58. Ka2 a3 59. Ka1 Kb3 60. Kb1 a2+ 61. Ka1 Kc3 62. Kxa2
{Game drawn because neither player has mating material}
1/2-1/2

[Event "ICC tourney 2087 (3 2)"]
[Site "Internet Chess Club"]
[Date "2020.10.30"]
[Round "9"]
[White "manest"]
[Black "speedskater"]
[Result "0-1"]
[ICCResult "White resigns"]
[WhiteElo "2687"]
[BlackElo "1950"]
[Opening "Nimzovich-Larsen attack: Indian variation"]
[ECO "A01"]
[NIC "VO.08"]
[Time "22:00:44"]
[TimeControl "180+2"]

1. b3 Nf6 2. Bb2 e6 3. Nf3 b6 4. g3 Bb7 5. Bg2 Be7 6. O-O O-O 7. c4 c5 8.
Nc3 Nc6 9. e3 d5 10. cxd5 exd5 11. d4 cxd4 12. Nxd4 Nxd4 13. Qxd4 Bc5 14.
Qd3 Qd7 15. Rfd1 Rfd8 16. Ne2 Qe7 17. Nf4 Ne4 18. Qe2 g6 19. Nd3 Ba3 20.
Bxa3 Qxa3 21. Qb2 Qxb2 22. Nxb2 Rac8 23. Rd4 Nxf2 24. Rf1 Ne4 25. Nd3 Nc3
26. Rf2 Re8 27. Nf4 Rxe3 28. Rc2 Rce8 29. Kf2 g5 30. Nxd5 Re2+ 31. Rxe2
Rxe2+ 32. Kf1 Rxg2 33. Nxc3 Rxh2 34. Rd7 Bf3 35. Rxa7 h5 36. Nb5 Rd2 37. Ke1
Rd1+ 38. Kf2 g4 39. Nc3 Rd3 40. Rc7 Kg7 41. a4 Kg6 42. b4 f5 43. a5 bxa5 44.
bxa5 h4 45. gxh4 f4 46. Ne2 Rd2 47. Re7 Kf6 48. Re8 Ra2 49. a6 Bxe2 50. Rxe2
Rxa6 51. Rb2 Ra5 52. Rb6+ Kf5 53. Rb2 g3+ 54. Kf3 Ra3+ 55. Kg2 Kg4 56. Rb4
Ra2+ 57. Kg1 Kh3 58. Rxf4 Ra1+ 59. Rf1 Rxf1+ 60. Kxf1 Kh2 {White resigns}
0-1